 Dungeon Crawl Stone Soup version 0.29-a0-468-ge57f7f99b4 (webtiles) character file.

Game seed: 6246224087550496290

527 Zdeegee the Covered (level 7, 0/60 HPs)
             Began as a Minotaur Fighter on May 21, 2022.
             Slain by Crazy Yiuf
             ... wielding a +3 quarterstaff of chaos
              (13 damage)
             ... on level 3 of the Dungeon.
             The game lasted 00:04:00 (3877 turns).

Zdeegee the Covered (Minotaur Fighter)              Turns: 3877, Time: 00:04:02

Health: 0/60       AC:  7    Str: 23    XL:     7   Next: 3%
Magic:  7/7        EV:  9    Int:  5    God:
Gold:   251        SH:  4    Dex:  9    Spells: 6/6 levels left

rFire   . . .      SeeInvis .   a - +1 war axe
rCold   . . .      Faith    .   c - +0 buckler
rNeg    . . .      Spirit   .   b - +0 scale mail
rPois   .          Reflect  .   (helmet restricted)
rElec   .          Harm     .   (no cloak)
rCorr   .          Rampage  .   (no gloves)
Will    .....                   (no boots)
Stlth   ..........              (no amulet)
HPRegen 0.20/turn               (no ring)
MPRegen 0.10/turn               (no ring)

@: lethally poisoned (0 -> -6), hasted, very quick
A: horns 2, retaliatory headbutt
a: no special abilities


You were on level 3 of the Dungeon.
You visited 1 branch of the dungeon, and saw 3 of its levels.

You collected 251 gold pieces.

Inventory:

Hand Weapons
 a - a +1 war axe (weapon)
 q - a +4 club
Missiles
 s - 53 stones (quivered)
Armour
 b - a +0 scale mail (worn)
 c - a +0 buckler (worn)
 d - the +1 leather armour of Day {rC+}
   (You found it on level 3 of the Dungeon)

   rC:        It protects you from cold.
 h - an orb of guile
Wands
 p - a wand of digging (7)
Scrolls
 e - 4 scrolls of identify {unknown}
 g - a scroll of enchant weapon
 i - 3 scrolls of teleportation {unknown}
 j - a scroll of amnesia {unknown}
 k - a scroll of noise {unknown}
 l - a scroll of torment {unknown}
 m - a scroll of immolation {unknown}
 n - a scroll of enchant armour {unknown}
 o - a scroll of fear {unknown}
 r - a scroll of fog {unknown}
Potions
 f - a potion of cancellation {unknown}


   Skills:
 * Level 4.7 Fighting
 + Level 5.0(5.1) Axes
 + Level 1.1(3.3) Maces & Flails
 * Level 5.2 Armour
 + Level 1.1 Dodging
 + Level 0.1 Stealth
 * Level 4.9 Shields
 * Level 2.3 Invocations
 * Level 1.9 Evocations


You had 6 spell levels left.
You didn't know any spells.
Your spell library contained the following spells:

 Spells                   Type           Power      Damage    Failure   Level
 Magic Dart               Conj           0%         1d3       86%         1
 Sandblast                Erth           0%         2d4       86%         1
 Ensorcelled Hibernation  Hex/Ice        0%         N/A       94%         2
 Passwall                 Tmut/Erth      0%         N/A       94%         2
 Searing Ray              Conj           0%         2d4       94%         2
 Call Canine Familiar     Summ           0%         N/A       99%         3
 Portal Projectile        Hex/Tloc       0%         N/A       99%         3
 Spider Form              Tmut/Pois      0%         N/A       99%         3
 Stone Arrow              Conj/Erth      0%         3d7       99%         3
 Anguish                  Hex/Necr       0%         N/A       100%        4
 Fulminant Prism          Conj/Hex       0%         3d6       100%        4
 Leda's Liquefaction      Hex/Erth       0%         N/A       100%        4


Dungeon Overview and Level Annotations

Branches:
Dungeon (3/15)

Altars:
Cheibriados

Annotations:
D:3 Crazy Yiuf


Innate Abilities, Weirdness & Mutations

You have a pair of horns on your head.
You reflexively headbutt those who attack you in melee.


Message History

You hit the fungus.
The fungus is lightly damaged.
You slash the fungus! You hit the fungus.
A nearby fungus withers and dies.
You slash the fungus!
The fungus is lightly damaged.
You hit the fungus. You slash the fungus!
The fungus is lightly damaged.
You slash the fungus!
A nearby fungus withers and dies. x2
You slash the fungus!
The fungus begins to die.
The fungus is lightly damaged.
You slash the fungus!
The fungus begins to die.
You slash the fungus!
The fungus is lightly damaged.
You hit the fungus. You hit the fungus. You headbutt the fungus.
The fungus is lightly damaged.
You hit the fungus. You hit the fungus but do no damage.
The fungus is lightly damaged.
You slash the fungus!
A nearby fungus withers and dies. x2
Found a mace.
Found a runed translucent door.
Crazy Yiuf shouts!
Crazy Yiuf says, "Mama tea seventy!"
You open the door.
Crazy Yiuf drinks a potion.
Crazy Yiuf seems to speed up.
Crazy Yiuf hits you with a +3 quarterstaff of chaos! x2
You are poisoned.
There is an open translucent door here.
You closely miss Crazy Yiuf.
You feel very sick.
Crazy Yiuf hits you with a +3 quarterstaff of chaos!
You feel yourself speed up.
You hit Crazy Yiuf but do no damage. Your headbutt misses Crazy Yiuf.
You feel sick.
Crazy Yiuf hits you with a +3 quarterstaff of chaos!
* * * LOW HITPOINT WARNING * * *
Crazy Yiuf burns you.
* * * LOW HITPOINT WARNING * * *
Crazy Yiuf hits you with a +3 quarterstaff of chaos!
You die...

#.# # #.# # #.#
#.#########
#.##÷÷..÷.#
#######
#.##..P.P.#
###.#.#.### ####
#.##......#
##......#..##...#
#.##......#
#......####.@g..#
#.##.....÷#
#..#..## ###..)#
#.##..P.÷.#
#.##### ####
####......# #.#
#.....÷' #.#
#÷.÷...# #.# ####
######## #.#
##..# ### # #.#
#...# #.# # #.#
#...# #.# #


You could see Crazy Yiuf (fast).

Vanquished Creatures
  Sigmund (D:3)
  The ghost of sirJeffrey23 the Insei, an amateur DsMo (D:3)
  2 jellies (D:3)
  Jessica (D:3)
  4 adders
  6 worms
  3 dart slugs
  3 orcs (D:3)
  13 endoplasms
  3 giant cockroaches
  7 goblins
  4 hobgoblins
  2 quokkas (D:1)
  5 ball pythons
  5 bats
  4 frilled lizards
  12 kobolds
  15 rats
91 creatures vanquished.

Vanquished Creatures (others)
  7 fungi (D:3)
  9 toadstools (D:3)
16 creatures vanquished.

Grand Total: 107 creatures vanquished

Notes
Turn   | Place    | Note
-------+----------+-------------------------------------------
     0 | D:1      | Zdeegee the Minotaur Fighter began the quest for the Orb.
     0 | D:1      | Reached XP level 1. HP: 19/19 MP: 0/0
   550 | D:1      | Found a faded altar of an unknown god.
   555 | D:1      | Reached XP level 2. HP: 21/27 MP: 1/1
  1482 | D:2      | Reached XP level 3. HP: 33/33 MP: 2/2
  1656 | D:2      | Found a snail-covered altar of Cheibriados.
  2167 | D:3      | Noticed Sigmund
  2171 | D:3      | Reached skill level 1 in Invocations
  2173 | D:3      | Killed Sigmund
  2174 | D:3      | Reached skill level 1 in Evocations
  2174 | D:3      | Reached XP level 4. HP: 14/41 MP: 2/4
  2174 | D:3      | Reached XP level 5. HP: 16/47 MP: 2/5
  2202 | D:3      | Identified the +1 leather armour of Day {rC+}
  2528 | D:3      | Reached XP level 6. HP: 53/53 MP: 6/6
  2775 | D:3      | Noticed Jessica
  2781 | D:3      | Killed Jessica
  2852 | D:3      | Found a runed translucent gate.
  2853 | D:3      | Found a runed translucent gate.
  2854 | D:3      | Found a runed translucent gate.
  2856 | D:3      | Noticed sirJeffrey23's ghost (amateur DsMo)
  2885 | D:3      | Killed sirJeffrey23's ghost
  2886 | D:3      | Reached skill level 5 in Armour
  2886 | D:3      | Reached skill level 1 in Dodging
  3343 | D:3      | Reached skill level 1 in Maces & Flails
  3350 | D:3      | Reached XP level 7. HP: 16/60 MP: 7/7
  3352 | D:3      | Reached skill level 5 in Axes
  3870 | D:3      | Found a runed translucent door.
  3871 | D:3      | Noticed Crazy Yiuf
  3877 | D:3      | Slain by Crazy Yiuf

Illustrated notes

Levels and vault maps discovered:
D:1:      lightli_arrival_boilingwater, layout_basic,
          dreamdust_ecumenical_altar_statues, minmay_misc_feat_roman,
          minmay_rat_gold_closets
D:2:      layout_loops_ring, basic_altar
D:3:      cheibrodos_fertilizer, layout_loops_ring, ebering_ghost_rock_garden,
          minmay_fractal_squares_diagonal_5, uniq_jessica,
          uniq_crazy_yiuf_cottage, uniq_sigmund

Skill      XL: |  1  2  3  4  5  6  7 |
---------------+----------------------+-----
Axes           | 3 4 5 |  5.0
Shields        | 4 |  4.9
Fighting       | 4 |  4.7
Invocations    | 1 2 |  2.3
Armour         | 4 5 |  5.2
Evocations     | 1 |  1.9
Dodging        | 1 |  1.1
Maces & Flails | 1 |  1.1
Stealth        | |  0.1

Action                   |  1- 3 |  4- 6 |  7- 9 || total
-------------------------+-------+-------+-------++-------
Melee: War axe           |    97 |    62 |    23 ||   182
       Headbutt          |    12 |    13 |     2 ||    27
       Club              |       |    24 |       ||    24
  Use: Scroll            |     1 |       |       ||     1
       Potion            |     1 |       |       ||     1
 Stab: Distracted        |       |     1 |       ||     1
Armor: Scale mail        |    42 |    45 |     1 ||    88
Dodge: Dodged            |    40 |    38 |     4 ||    82
Block: Buckler           |     9 |    18 |     3 ||    30

Table legend: (Time is in decaauts)
 A = Elapsed time spent in this place.
 B = Non-inter-level travel time spent in this place.
 C = Inter-level travel time spent in this place.
 D = Time resting spent in this place.
 E = Time spent auto-exploring this place.
 F = Levels seen in this place.
 G = Mean time per level.
                   A        B        C        D        E       F      G
               +--------+--------+--------+--------+--------+-----+--------+
         Total |   3950 |   3825 |    125 |    129 |   3120 |   3 | 1316.7 |
       Dungeon |   3950 |   3825 |    125 |    129 |   3120 |   3 | 1316.7 |
               +--------+--------+--------+--------+--------+-----+--------+

Top non-repeatable levels by time:
     D:3: 1736 daAuts
     D:1: 1421 daAuts
     D:2: 792 daAuts
